AoeStats
← Est.in1974

Pilgrims

509945582Analyzed
4v4 RM · 4d ago on Sep 28, 2026· 33m 41s· 8 players
Game mode
Random Map
Map size
Large (8 player)
Population
200
Speed
Normal
Resources
Standard
Victory
Conquest
Starting age
Dark Age
Ending age
Imperial Age
RankedLock teamsTeams togetherTeam positionsShared explorationLock speedFull tech treeHidden civsTurbo modeCheats
Victory
Defeat
🇩🇪 Turks · Germany
1166
+15
🇲🇽 Varangians · Mexico
1153
+15
🇦🇷 Persians · Argentina
1151
+15
🇦🇱 Britons · Albania
1100
+17
🇹🇷 Varangians · Türkiye
1151
-16
🇫🇷 Saracens · France
1131
-16
🇪🇸 Dravidians · Spain
1130
-15
🇬🇧 Teutons · United Kingdom
1122
-15
Nogui
11:40 Feudal Age
12:20 Loom
13:59 Double-Bit Axe
17:04 Wheelbarrow
17:47 Fletching
18:37 Fishing Lines
23:44 Castle Age
23:49 Horse Collar
24:52 Medium Warships
24:41 Bodkin Arrow
28:36 Gillnets
32:21 Town Watch
SombreWeb
9:41 Loom
12:17 Feudal Age
17:18 Castle Age
16:01 Double-Bit Axe
15:57 Horse Collar
18:39 Fletching
19:51 Bodkin Arrow
20:52 Scale Barding Armor
21:09 Forging
22:47 Bow Saw
24:14 Pikeman
30:07 Imperial Age
29:48 Scale Mail Armor
30:22 Heavy Plow
34:26 Conscription
35:09 Two-Man Saw
Oranos
9:27 Loom
11:37 Feudal Age
15:37 Forging
16:24 Fletching
16:41 Fishing Lines
19:27 Castle Age
20:53 Gillnets
22:25 Careening
23:20 Medium Warships
24:02 Double-Bit Axe
24:49 Bodkin Arrow
26:26 Wheelbarrow
26:26 Stone Mining
31:44 Imperial Age
29:39 Clinker Construction
30:36 Ballistics
30:02 Treadmill Crane
32:33 Gothikon
33:16 Scale Mail Armor
33:26 Forging
DANSLESBOULES
11:11 Feudal Age
9:30 Loom
12:39 Fletching
16:32 Castle Age
14:43 Double-Bit Axe
15:26 Fishing Lines
17:12 Bodkin Arrow
17:30 Medium Warships
17:11 Gillnets
18:36 Wheelbarrow
21:45 Bow Saw
21:47 Gold Mining
24:16 Ballistics
30:29 Imperial Age
28:49 Husbandry
29:49 Stone Mining
30:54 Forging
31:23 Bloodlines
31:21 Scale Barding Armor
33:33 Iron Casting
33:50 Conscription
victor_mv7
4:38 Loom
12:01 Feudal Age
13:19 Wheelbarrow
13:08 Stone Mining
13:12 Fishing Lines
13:23 Double-Bit Axe
17:00 Castle Age
14:53 Horse Collar
15:11 Fletching
16:38 Gold Mining
19:12 Hand Cart
19:15 Bodkin Arrow
19:37 Bow Saw
19:49 Gillnets
21:24 Medium Warships
Est.in1974
7:01 Loom
11:29 Feudal Age
15:40 Castle Age
15:11 Town Watch
16:03 Wheelbarrow
17:35 Fletching
19:22 Double-Bit Axe
20:04 Horse Collar
25:07 Bow Saw
24:59 Heavy Plow
25:27 Gold Mining
31:33 Imperial Age
30:30 Hand Cart
31:10 Gold Shaft Mining
30:38 Stone Mining
32:33 Bodkin Arrow
33:57 Artillery
insaneBestar
8:35 Loom
11:22 Feudal Age
16:40 Castle Age
16:21 Fletching
20:52 Crossbowman
24:05 Double-Bit Axe
24:07 Horse Collar
26:57 Bodkin Arrow
29:30 Bow Saw
31:21 Padded Archer Armor
32:41 Stone Mining
34:19 Leather Archer Armor
ROMA
6:33 Loom
10:27 Feudal Age
20:14 Castle Age
18:38 Scale Barding Armor
18:45 Forging
21:07 Bloodlines
23:39 Horse Collar
23:51 Double-Bit Axe
24:19 Town Watch
30:28 Wheelbarrow
30:51 Bow Saw
34:29 Hand Cart
34:19 Heavy Plow
Connection lost

Rejoining the realm…

Still unreachable

The connection could not be restored.

Session expired

The server has moved on; the page needs a fresh start.